 Dungeon Crawl Stone Soup version 0.27.1-33-g824d729ab1 (webtiles) character file.

Game seed: 7111365156095225451

277 Destapler the Skirmisher (level 6, -4/53 HPs)
             Began as a Demonspawn Monk on Dec 23, 2021.
             Slain by a gnoll (9 damage)
             ... on level 3 of the Dungeon.
             The game lasted 00:08:17 (2333 turns).

Destapler the Skirmisher (Demonspawn Monk)          Turns: 2333, Time: 00:08:18

Health: -4/53      AC:  2    Str: 12    XL:     6   Next: 4%
Magic:  5/5        EV: 14    Int: 11    God:
Gold:   102        SH:  0    Dex: 17    Spells: 5/5 levels left

rFire    . . .     SeeInvis .   c - +0 scythe
rCold    . . .     Faith    .   (shield currently unavailable)
rNeg     . . .     Spirit   .   b - +0 robe
rPois    .         Reflect  .   (helmet restricted)
rElec    .         Harm     .   (no cloak)
rCorr    .         Rampage  .   (no gloves)
Will     +....                  (no boots)
Stlth    +++.......             (no amulet)
HPRegen  0.17/turn              f - ring of willpower
MPRegen  0.09/turn              (no ring)

@: no status effects
A: antennae 1, powered by pain 1, spiny 1, low mp 1, robust 1
a: no special abilities


You were on level 3 of the Dungeon.
You visited 1 branch of the dungeon, and saw 3 of its levels.

You collected 102 gold pieces.

Inventory:

Hand Weapons
 a - a +0 spear
 c - a +0 scythe (weapon)
Armour
 b - a +0 robe (worn)
Jewellery
 f - a ring of willpower (left hand)
Scrolls
 e - a scroll of identify


   Skills:
 + Level 4.5 Fighting
 - Level 3.0 Polearms
 + Level 4.1 Dodging
 + Level 3.8 Stealth


You had 5 spell levels left.
You didn't know any spells.
Your spell library was empty.

Dungeon Overview and Level Annotations

Branches:
Dungeon (3/15)

Altars:

Shops:
D:2 (


Innate Abilities, Weirdness & Mutations

You have a pair of small antennae on your head.
You sometimes gain a little power by taking damage.
You are partially covered in sharp spines.
Your magical capacity is low. (-10% MP)
You are robust. (+10% HP)


Message History

You closely miss the gnoll.
The gnoll is moderately wounded.
The gnoll is struck by your spines. The gnoll barely misses you.
The gnoll misses you.
You closely miss the gnoll.
The gnoll is moderately wounded.
The gnoll is struck by your spines. The gnoll hits you with a +0 flail.
* * * LOW HITPOINT WARNING * * *
The gnoll hits you with a +0 flail.
* * * LOW HITPOINT WARNING * * *
Unknown command.
You slash the gnoll!
You kill the gnoll!
The giant cockroach bites you.
* * * LOW HITPOINT WARNING * * *
The giant cockroach is struck by your spines.
You kill the giant cockroach!
You have reached level 6!
Your experience leads to an increase in your attributes!
Increase (S)trength, (I)ntelligence, or (D)exterity?
You feel agile.
Unknown command.
Search for what [? for help]? altar Can't find anything matching that.
Unknown command.
You reach to attack!
You hit the gnoll.
You kill the gnoll!
The ball python bites you.
* * * LOW HITPOINT WARNING * * *
You are too injured to fight recklessly!
You hit the ball python.
The ball python is heavily wounded.
The ball python bites you.
* * * LOW HITPOINT WARNING * * *
The gnoll hits you from afar with a +0 spear.
* * * LOW HITPOINT WARNING * * *
The ball python is struck by your spines.
You kill the ball python!
The gnoll hits you from afar with a +0 spear!
You die...

****** ************* *,,,,*
*,,,,,,*,,,,* ******,,,,*
###***,,,,,,*,,,,* *,,,,+,,,,*
#..,,,,,,,,,+,,,,, *,****..,,*
#.#***,,,,,,*,,,,* *,* *....###.#
*,,,,,,****** *,* *........#
*,,,,,,* *,* *,,,,**#@# ********
****,* *,,,,* #g#############***
,,,,,******#####gg..g.S.......,,,
****,,,,,,..........gg........,,*
****,*****###########..#####.,,,*
,,,,,******* ##.)..#**.,,,,*
******,,,,,* #.g#...#..,*,,*
*,,,,,* #..##..[..#*,,*
*g....########.S#*#$8?##*,,*


You could see 2 gnolls and a goblin.

Vanquished Creatures
  Sigmund (D:2)
  Jessica (D:2)
  2 gnolls (D:3)
  3 adders (D:2)
  8 ball pythons
  5 endoplasms
  3 giant cockroaches
  3 goblins
  4 hobgoblins
  4 kobolds
  A quokka (D:1)
  4 bats
  2 frilled lizards (D:1)
  4 rats
45 creatures vanquished.

Notes
Turn   | Place    | Note
-------+----------+-------------------------------------------
     0 | D:1      | Destapler the Demonspawn Monk began the quest for the Orb.
     0 | D:1      | Reached XP level 1. HP: 18/18 MP: 1/1
   403 | D:1      | Gained mutation: You have a pair of small antennae on your
                  | head. [demonic ancestry]
   403 | D:1      | Reached XP level 2. HP: 22/24 MP: 2/2
  1133 | D:2      | Noticed Jessica
  1149 | D:2      | Gained mutation: Your magical capacity is low. (-10% MP)
                  | [potion of mutation]
  1149 | D:2      | Gained mutation: You are robust. (+10% HP) [potion of
                  | mutation]
  1153 | D:2      | Reached XP level 3. HP: 18/31 MP: 2/2
  1166 | D:2      | Killed Jessica
  1455 | D:2      | Gained mutation: You sometimes gain a little power by
                  | taking damage. [demonic ancestry]
  1455 | D:2      | Reached XP level 4. HP: 34/40 MP: 3/3
  1460 | D:2      | Noticed Sigmund
  1642 | D:2      | Killed Sigmund
  1643 | D:2      | Gained mutation: You are partially covered in sharp spines.
                  | [demonic ancestry]
  1643 | D:2      | Reached XP level 5. HP: 30/47 MP: 4/4
  1917 | D:2      | Found Jexziok's Weapon Emporium.
  2332 | D:3      | Reached XP level 6. HP: 11/53 MP: 5/5
  2333 | D:3      | Slain by a gnoll

Illustrated notes

Levels and vault maps discovered:
D:1:      lemuel_arrival_broad_hall, layout_basic, serial_rivers,
          chequers_serial_rivers_micro_e, chequers_serial_rivers_small_a,
          chequers_serial_rivers_micro_d, chequers_serial_rivers_micro_c,
          chequers_serial_rivers_micro_b
D:2:      layout_basic, serial_shops, shop_statue,
          chequers_serial_rivers_room_a, uniq_jessica, uniq_sigmund
D:3:      layout_basic, evilmike_ruin_ashenzari, minmay_circle_x, uniq_ijyb

Skill      XL: |  1  2  3  4 |
---------------+-------------+-----
Stealth        | 2 3 |  3.8
Polearms       | 3 |  3.0
Dodging        | 3 4 |  4.1
Fighting       | 4 |  4.5

Action                   |  1- 3 |  4- 6 || total
-------------------------+-------+-------++-------
Melee: Spear             |   106 |    43 ||   149
       Scythe            |       |    19 ||    19
  Use: Potion            |     3 |     2 ||     5
       Scroll            |     2 |     1 ||     3
 Stab: Sleeping          |     8 |     3 ||    11
Armor: Robe              |    14 |    10 ||    24
Dodge: Dodged            |    51 |    39 ||    90
